 Dungeon Crawl Stone Soup version 0.23.0 (webtiles) character file.

Game seed: 10757828443717772681

79 night the Insei (level 4, -6/33 HPs)
             Began as a Demonspawn Gladiator on Feb 10, 2019.
             Mangled by an orc wizard
             ... wielding a +2 dagger of electrocution
              (17 damage)
             ... on level 3 of the Dungeon.
             The game lasted 00:04:30 (1880 turns).

night the Insei (Demonspawn Gladiator)              Turns: 1880, Time: 00:04:32

Health: -6/33      AC:  7    Str: 15    XL:     4   Next: 16%
Magic:  4/4        EV: 12    Int:  9    God:
Gold:   86         SH:  0    Dex: 15    Spells: 3/3 levels left

rFire    . . .     SeeInvis .     - Unarmed
rCold    . . .     Gourm    .   (no shield)
rNeg     . . .     Faith    .   a - +0 leather armour
rPois    .         Spirit   .   b - +0 helmet
rElec    .         Reflect  .   (no cloak)
rCorr    .         Harm     .   (no gloves)
MR       .....                  t - +2 pair of boots
Stlth    +.........             (no amulet)
HPRegen  0.11/turn              (no ring)
MPRegen  0.09/turn              (no ring)

@: no status effects
A: powered by pain 2, rot immunity
a: no special abilities


You were on level 3 of the Dungeon.
You were not hungry.

You visited 1 branch of the dungeon, and saw 3 of its levels.

You collected 86 gold pieces.

Inventory:

Missiles
 c - 3 throwing nets (quivered)
 e - 46 sling bullets
 f - 53 stones
 r - 6 tomahawks
 v - 23 bolts
Armour
 a - a +0 leather armour (worn)
 b - a +0 helmet (worn)
 t - a +2 pair of boots (worn)
Jewellery
 y - an uncursed ring of resist corrosion {unknown}
Wands
 m - a wand of polymorph (6)
Scrolls
 g - a scroll of identify
 i - a scroll of enchant armour {unknown}
 j - a scroll of noise {unknown}
 l - a scroll of remove curse
 p - a scroll of teleportation {unknown}
 q - a scroll of enchant weapon
 x - a scroll of random uselessness {unknown}
Potions
 h - a potion of curing {unknown}
 k - a potion of might {unknown}
 n - a potion of cancellation {unknown}
 o - 3 potions of brilliance
 s - 2 potions of degeneration {unknown}
 w - a potion of agility {unknown}
 z - a potion of invisibility {unknown}
 A - a potion of resistance {unknown}
Comestibles
 d - 9 rations
 u - 5 chunks of flesh


   Skills:
 - Level 2.0 Fighting
 - Level 1.7 Throwing
 - Level 2.6 Dodging
 + Level 4.6 Unarmed Combat


You had 3 spell levels left.
You didn't know any spells.
Your spell library was empty.

Dungeon Overview and Level Annotations

Branches:
Dungeon (3/15)

Altars:

Annotations:
D:3 1 transporter


Innate Abilities, Weirdness & Mutations

You sometimes gain power by taking damage.
You are immune to rotting.


Message History

The orc hits you with a +0 flail. The orc wizard casts a spell at you.
The magic dart hits you. Something hits you but does no damage.
The orc wizard misses you.
As you read the scroll labeled FAYC VONEIRCHE, it crumbles to dust.
It is a scroll of identify.
o - 3 potions of brilliance The orc closely misses you.
The orc wizard barely misses you. The orc wizard completely misses you.
You hear some strange, mumbled words.
Something tries to affect you, but you resist.
As you read the scroll labeled QOALALUMAT, it crumbles to dust.
It is a scroll of enchant weapon.
You aren't carrying any weapons that can be enchanted.
The orc wizard hits you but does no damage.
The orc priest hits you with a +0 mace.
The orc wizard hits you but does no damage.
You are electrocuted!
Ouch! That really hurt!
You die...

.............# #......#....#
#......#....# ###......#....#
#........#....###
#...............#
#...............#
#..o............### .######
##.@o..o.......>.... ......#
#.oo{..........##### ......#
#.....####.....## # ......####
#.....#.........# # ..o......#
#.....#.>.......####
..o.o....#
#.....#.........+...
...o.....#
#.....#.........####
...<.....#####.....#.........#
#
.#####.........).............#
#


You could see an orc priest, 2 orc wizards and 2 orcs.

Vanquished Creatures
  An orc priest (D:3)
  An adder (D:2)
  A dart slug (D:2)
  An orc (D:2)
  5 bats
  3 giant cockroaches
  2 goblins
  10 hobgoblins
  5 frilled lizards
  4 kobolds
  3 rats
36 creatures vanquished.

Notes
Turn   | Place    | Note
-------+----------+-------------------------------------------
     0 | D:1      | night the Demonspawn Gladiator began the quest for the Orb.
     0 | D:1      | Reached XP level 1. HP: 16/16 MP: 1/1
   117 | D:1      | Reached skill level 3 in Unarmed Combat
   390 | D:1      | Gained mutation: You are immune to rotting. [demonic
                  | ancestry]
   390 | D:1      | Reached XP level 2. HP: 22/22 MP: 2/2
  1353 | D:2      | Reached skill level 4 in Unarmed Combat
  1353 | D:2      | Gained mutation: You sometimes gain a little power by
                  | taking damage. [demonic ancestry]
  1353 | D:2      | Reached XP level 3. HP: 21/27 MP: 3/3
  1747 | D:3      | Found a transporter.
  1875 | D:3      | Gained mutation: You sometimes gain power by taking damage.
                  | [demonic ancestry]
  1875 | D:3      | Reached XP level 4. HP: 16/33 MP: 4/4
  1880 | D:3      | Mangled by an orc wizard

Skill      XL: |  1  2 |
---------------+-------+-----
Unarmed Combat | 3 4 |  4.6
Fighting       | |  2.0
Throwing       | |  1.7
Dodging        | |  2.6

Action                   |  1- 3 |  4- 6 || total
-------------------------+-------+-------++-------
Melee: Unarmed           |   136 |     2 ||   138
       Punch             |     2 |       ||     2
  Use: Scroll            |       |     3 ||     3
  Eat: Chunk             |     3 |       ||     3
Armor: Leather armour    |    55 |     3 ||    58
Dodge: Dodged            |    94 |     8 ||   102
